 Dungeon Crawl Stone Soup version 0.21.1-1-g345015f (webtiles) character file.

70 Lilu the Conjurer (level 4, -3/24 HPs)
             Began as a Deep Elf Conjurer on July 25, 2018.
             Slain by Crazy Yiuf
             ... wielding a +3 quarterstaff of chaos
              (6 damage)
             ... on level 2 of the Dungeon.
             The game lasted 00:06:08 (1450 turns).

Lilu the Conjurer (Deep Elf Conjurer)               Turns: 1450, Time: 00:06:10

Health: -3/24      AC:  2    Str:  6    XL:     4   Next: 3%
Magic:  4/10       EV: 12    Int: 20    God:
Gold:   130        SH:  0    Dex: 15    Spells: 2/9 levels left

rFire    . . .     SeeInvis .   h - +0 dagger (venom)
rCold    . . .     Gourm    .   (no shield)
rNeg     . . .     Faith    .   a - +0 robe
rPois    +         Spirit   .   (no helmet)
rElec    .         Reflect  .   (no cloak)
rCorr    .         Harm     .   (no gloves)
MR       .....                  (no boots)
Stlth    ++........             (no amulet)
HPRegen  0.08/turn              n - ring of poison resistance
MPRegen  0.12/turn              (no ring)

@: drained
A: no striking features
a: no special abilities


You were on level 2 of the Dungeon.
You were hungry.

You visited 1 branch of the dungeon, and saw 2 of its levels.

You collected 130 gold pieces.

Inventory:

Hand Weapons
 h - a +0 dagger of venom (weapon)
 m - a +4 spear of venom
Missiles
 f - 2 stones (quivered)
Armour
 a - a +0 robe (worn)
 l - a +0 ring mail of cold resistance
Jewellery
 n - a ring of poison resistance (left hand)
Scrolls
 g - 3 scrolls of identify {unknown}
 i - a scroll of enchant armour {unknown}
 k - a scroll of enchant weapon {unknown}
 o - a scroll of random uselessness {unknown}
Potions
 d - 2 potions of flight {unknown}
 e - a potion of curing {unknown}
 j - 2 potions of haste {unknown}
Books
 b - a book of Conjurations

   Spells                             Type                      Level
   a - Magic Dart                     Conjuration                  1
   b - Searing Ray                    Conjuration                  2
   c - Dazzling Spray                 Conjuration/Hexes            3
   d - Fulminant Prism                Conjuration/Hexes            4
   e - Force Lance                    Conjuration/Translocation    4
   f - Iskenderun's Mystic Blast      Conjuration                  4
Comestibles
 c - 5 rations


   Skills:
 - Level 2.4(2.0) Dodging
 - Level 2.4(2.0) Stealth
 - Level 3.0(2.6) Spellcasting
 + Level 6.2(5.8) Conjurations


You had 2 spell levels left.
You knew the following spells:

 Your Spells              Type           Power        Failure   Level  Hunger
a - Magic Dart            Conj           ####         1%          1    None
b - Searing Ray           Conj           ####..       1%          2    ##.....
c - Iskenderun's Mystic   Conj           ####....     13%         4    ####...


Dungeon Overview and Level Annotations

Branches:
Dungeon (2/15)

Altars:

Annotations:
D:2 Crazy Yiuf


Message History

You are feeling hungry.
You see here a mace.
You see here a mace.
You see here a mace.
Crazy Yiuf grits, "Line foot verde!"
You see here a mace.
You see here a mace.
Crazy Yiuf says, "Fire senile hand!"
You see here a stone.
Crazy Yiuf twirls on the spot.
Casting: Searing Ray
Confirm with . or Enter, or press ? or * to list all spells.
Aiming: Iskenderun's Mystic Blast
Press: ? - help, Shift-Dir - straight line, f/p - Crazy Yiuf
Aim: Crazy Yiuf, wielding a quarterstaff of chaos and wearing a glowing cloak (severely wounded)
The orb of energy hits Crazy Yiuf.
Crazy Yiuf is severely wounded.
The orb of energy explodes!
Crazy Yiuf hits you with a quarterstaff of chaos.
You die...

########.............
+.............
#.............
+.............
#.#####....)........
#......<............
#####+#+#'##########
#.............#
+..[...@......#
#......g......#
#....(........#
#.............#
#.............#
#.........(...#
#######....#######
#...........#
#...........#


You could see Crazy Yiuf.

Vanquished Creatures
  Terence (D:2)
  An ooze (D:1)
  2 dart slugs (D:1)
  5 goblins (D:1)
  4 hobgoblins
  4 jackals (D:1)
  4 kobolds
  7 bats
  2 frilled lizards
  6 rats
36 creatures vanquished.

Notes
Turn   | Place    | Note
-------+----------+-------------------------------------------
     0 | D:1      | Lilu the Deep Elf Conjurer began the quest for the Orb.
     0 | D:1      | Reached XP level 1. HP: 10/10 MP: 6/6
   114 | D:1      | Reached XP level 2. HP: 11/15 MP: 1/8
   127 | D:1      | Reached skill level 5 in Conjurations
   430 | D:1      | You fall through a shaft!
   484 | D:2      | Noticed Terence
   522 | D:2      | Killed Terence
   522 | D:2      | Reached XP level 3. HP: 19/19 MP: 9/9
   645 | D:1      | Reached skill level 6 in Conjurations
  1201 | D:2      | Reached XP level 4. HP: 10/24 MP: 7/10
  1371 | D:2      | Learned a level 2 spell: Searing Ray
  1376 | D:2      | Learned a level 4 spell: Iskenderun's Mystic Blast
  1417 | D:2      | Found a runed door.
  1421 | D:2      | Noticed Crazy Yiuf
  1426 | D:2      | HP: 1/24 [Crazy Yiuf/quarterstaff of chaos (4)]
  1450 | D:2      | Slain by Crazy Yiuf

Skill      XL: |  1  2  3 |
---------------+----------+-----
Conjurations   | 5 6 |  6.2
Dodging        | |  2.4
Stealth        | |  2.4
Spellcasting   | |  3.0

Action                   |  1- 3 |  4- 6 || total
-------------------------+-------+-------++-------
Melee: Dagger            |    21 |     3 ||    24
 Cast: Magic Dart        |    52 |     2 ||    54
       Iskenderun's Myst |       |     1 ||     1
       Searing Ray       |       |     1 ||     1
 Stab: Sleeping          |     1 |       ||     1
  Eat: Chunk             |     1 |       ||     1
Armor: Robe              |     8 |     3 ||    11
Dodge: Dodged            |    18 |     3 ||    21
